Map: Ascension to Aiur LE

Players

TLO - Winner!

  • Race: Zerg Zerg
  • Spawn Location: 11:00

PtitDrogo

  • Race: Protoss Protoss
  • Spawn Location: 5:00

Event: WCS Montreal 2017

VOD

Have the link to the VOD?

Description

Time

  • Played on: Sept. 8, 2017, 3:21 p.m.
  • Length: 11:12

All games in this series

Show
View Real Time Build Order
Export as new Build Order

TLO Zerg - Winner!

Build Orders: Hatch First 

Get SALT Encoding   

  12  0:00  Drone  
  13  0:12  Overlord  
  13  0:17  Drone  
  14  0:33  Drone x2  
  16  0:38  Drone  
  17  0:52  Hatchery  
  17  0:55  Drone  
  17  0:59  Drone  
  17  1:02  Extractor  
  17  1:15  Spawning Pool  
  17  1:17  Drone  
  17  1:21  Drone  
  18  1:28  Drone  
  19  1:38  Overlord  
  19  2:01  Queen  
  19  2:02  Zergling x2  
  19  2:03  Metabolic Boost  
  19  2:04  Queen  
  19  2:07  Zergling x2  
  25  2:11  Drone  
  25  2:14  Drone  
  27  2:17  Drone  
  27  2:22  Drone  
  29  2:28  Drone  
  30  2:37  Queen  
  30  2:42  Queen  
  30  2:43  Overlord  
  34  2:47  Overlord  
  34  2:59  Drone  
  34  3:00  Zergling x2  
  34  3:02  Drone x2  
  34  3:04  Drone  
  39  3:12  Extractor  
  38  3:13  Drone x2  
  38  3:18  Hatchery  
  40  3:24  Drone x2  
  40  3:26  Drone  
  43  3:29  Zergling x4  
  43  3:31  Zergling x2  
  46  3:39  Overlord  
  46  3:40  Drone  
  47  3:46  Overlord  
  47  3:48  Evolution Chamber  
  46  3:49  Drone x2  
  46  3:50  Drone  
  46  3:53  Drone x2  
  46  3:54  Drone  
  52  3:58  Spore Crawler  
  52  4:01  Zergling x2  
  52  4:02  Spore Crawler  
  50  4:04  Drone  
  50  4:06  Zergling x2  
  52  4:11  Drone  
  52  4:12  Drone  
  52  4:16  Drone  
  56  4:17  Drone  
  56  4:18  Drone  
  56  4:19  Zerg Melee Weapons Level 1  
  56  4:21  Drone  
  58  4:26  Drone  
  58  4:28  Drone  
  58  4:29  Drone  
  58  4:30  Queen  
  63  4:31  Drone  
  63  4:32  Drone  
  63  4:36  Drone x2  
  67  4:43  Overlord  
  67  4:46  Zergling x4  
  67  4:51  Spore Crawler  
  68  4:54  Drone x2  
  68  4:55  Overlord  
  68  4:56  Baneling Nest  
  69  5:05  Drone x2  
  69  5:06  Zergling x2  
  68  5:09  Queen  
  68  5:11  Drone x6  
  73  5:14  Drone  
  73  5:15  Drone  
  73  5:18  Extractor, Zergling x4  
  76  5:23  Lair  
  76  5:24  Zergling x2  
  76  5:28  Zergling x4  
  78  5:29  Zergling x2  
  78  5:30  Zergling x2  
  78  5:32  Extractor x2  
  78  5:33  Drone  
  78  5:34  Extractor, Drone  
  78  5:35  Extractor, Drone  
  80  5:37  Drone x2  
  82  5:43  Overlord  
  82  5:46  Overlord  
  82  5:48  Overlord x2  
  82  5:58  Overlord  
  82  6:01  Overlord  
  82  6:02  Drone  
  82  6:03  Drone, Hatchery  
  82  6:04  Drone x2  
  84  6:06  Drone x2  
  84  6:07  Drone  
  84  6:08  Drone  
  84  6:09  Zergling x2  
  84  6:10  Zergling x4  
  92  6:14  Baneling  
  92  6:15  Baneling x7  
  92  6:17  Zergling x2  
  94  6:18  Drone  
  94  6:21  Zergling x2  
  94  6:22  Zergling x2  
  94  6:23  Zergling x2  
  97  6:25  Hydralisk Den  
  97  6:27  Zerg Melee Weapons Level 2  
  97  6:31  Zergling x2  
  97  6:37  Zergling x4  
  97  6:38  Zergling x2  
  97  6:39  Zergling x4  
  94  6:40  Zergling x2  
  94  6:41  Zergling x8  
  94  6:42  Zergling x2  
  94  6:44  Centrifical Hooks  
  94  6:46  Drone  
  99  6:47  Baneling x2  
  99  6:48  Baneling  
  99  6:56  Hydralisk x4  
  99  7:01  Hydralisk x2  
  106  7:03  Hydralisk  
  106  7:05  Baneling x3  
  106  7:07  Hydralisk, Baneling  
  110  7:09  Hydralisk  
  110  7:11  Hydralisk  
  109  7:15  Hydralisk  
  109  7:21  Hydralisk x2  
  109  7:22  Hydralisk  
  106  7:23  Zergling x2  
  106  7:24  Zergling x4  
  106  7:26  Zergling x2  
  106  7:27  Hydralisk  
  112  7:30  Zergling x2  
  112  7:31  Zergling x4  
  112  7:32  Zergling x2  
  112  7:33  Zergling x2  
  112  7:36  Zergling x2, Baneling x4  
  118  7:38  Zergling x2  
  118  7:40  Zergling x2  
  118  7:42  Zergling x2  
  118  7:43  Zergling x2  
  123  7:44  Zergling x4  
  123  7:47  Overlord  
  123  7:48  Zergling x2  
  125  7:51  Overlord  
  125  7:53  Zergling x2  
  125  7:55  Baneling  
  125  7:56  Hydralisk, Baneling x2  
  128  8:01  Overlord  
  128  8:02  Overlord  
  128  8:06  Baneling x5  
  119  8:13  Hydralisk x6  
  119  8:15  Zergling x2  
  119  8:16  Zergling x2  
  125  8:20  Hydralisk  
  125  8:22  Zergling x6  
  125  8:23  Zergling x2  
  125  8:24  Zergling x2  
  130  8:28  Muscular Augments  
  130  8:29  Zergling x2  
  130  8:30  Drone  
  130  8:32  Pneumatized Carapace  
  130  8:33  Zergling x2  
  133  8:37  Zergling x4  
  133  8:38  Zergling x2  
  136  8:43  Zerg Missile Weapons Level 1  
  136  8:44  Zergling x2  
  136  8:46  Zergling x2  
  136  8:47  Zergling x2  
  139  8:48  Zergling x4  
  139  8:50  Zergling x4  
  139  8:51  Overlord  
  139  8:52  Hydralisk  
  145  8:58  Hydralisk x2  
  145  8:59  Hydralisk  
  145  9:01  Hydralisk  
  153  9:03  Zergling x2  
  153  9:05  Zergling x2  
  153  9:06  Hydralisk  
  153  9:08  Zergling x2  
  153  9:09  Zergling x4  
  160  9:11  Zergling x4  
  160  9:16  Infestation Pit, Drone x2  
  160  9:18  Zergling x4  
  160  9:19  Zergling x2  
  160  9:22  Zergling x2  
  160  9:23  Zergling x2  
  164  9:24  Zergling x4  
  164  9:25  Hydralisk  
  167  9:33  Zergling x2  
  167  9:34  Zergling x4  
  166  9:39  Zergling x2  
  166  9:40  Drone, Zergling x2  
  166  9:43  Overlord x2  
  168  9:46  Overlord  
  168  9:48  Hydralisk  
  168  9:50  Hydralisk  
  168  9:51  Hydralisk  
  166  9:53  Hydralisk  
  166  9:54  Zergling x2  
  166  9:56  Overlord x2, Zergling x2  
  166  9:57  Zergling x4  
  167  10:01  Hive  
  167  10:05  Spire  
  167  10:06  Drone x2  
  168  10:10  Baneling x7  
  168  10:11  Baneling x2  
  168  10:13  Baneling x4  
  167  10:16  Baneling x6  
  167  10:17  Baneling  
  167  10:18  Baneling x3  
  167  10:19  Baneling  
  167  10:20  Baneling x2  
  167  10:21  Baneling x2  
  166  10:24  Drone  
  166  10:26  Extractor  
  166  10:31  Hydralisk  
  166  10:32  Hydralisk x3  
  174  10:36  Hydralisk x2  
  174  10:39  Hydralisk x2  
  174  10:42  Hydralisk  
  169  10:44  Hydralisk  
  169  10:47  Hydralisk  
  157  10:52  Zergling x2  
  157  10:53  Zergling x2  
  157  10:54  Zergling x2  
Show
View Real Time Build Order
Export as new Build Order

PtitDrogo Protoss 

Build Orders: 1 Gate Expand, Oracle Opening, Zealot Archon 

Get SALT Encoding   

  12  0:01  Probe (Chrono Boost)  
  13  0:11  Probe (Chrono Boost)  
  14  0:18  Pylon  
  14  0:22  Probe (Chrono Boost)  
  15  0:36  Probe (Chrono Boost)  
  15  0:38  Gateway  
  16  0:47  Probe (Chrono Boost)  
  16  0:48  Assimilator  
  17  0:57  Probe (Chrono Boost)  
  18  1:08  Probe (Chrono Boost)  
  19  1:20  Nexus  
  19  1:23  Probe (Chrono Boost)  
  20  1:34  Cybernetics Core  
  20  1:36  Probe (Chrono Boost)  
  21  1:43  Assimilator  
  22  1:47  Probe (Chrono Boost)  
  22  1:52  Pylon  
  22  1:57  Probe (Chrono Boost)  
  23  2:11  Probe (Chrono Boost), Adept (Chrono Boost)  
  26  2:23  Probe  
  26  2:25  Stargate  
  27  2:30  Probe  
  27  2:34  Warp Gate  
  27  2:35  Probe  
  29  2:41  Probe  
  29  2:42  Adept (Chrono Boost)  
  32  2:47  Probe  
  32  2:51  Probe  
  33  2:59  Probe  
  33  3:01  Mothership Core  
  33  3:04  Gateway  
  36  3:11  Probe  
  37  3:21  Probe  
  37  3:22  Oracle (Chrono Boost)  
  37  3:23  Probe  
  42  3:28  Adept  
  42  3:29  Pylon  
  42  3:31  Probe  
  45  3:35  Probe  
  46  3:45  Probe  
  46  3:47  Probe  
  48  3:53  Pylon  
  48  3:56  Probe, Oracle (Chrono Boost)  
  48  3:59  Probe  
  48  4:02  Nexus  
  53  4:07  Probe, Pylon  
  54  4:12  Pylon  
  54  4:19  Probe  
  54  4:21  Assimilator, Probe  
  54  4:22  Assimilator  
  56  4:25  Pylon  
  56  4:30  Probe  
  56  4:32  Phoenix (Chrono Boost)  
  56  4:33  Probe  
  60  4:40  Probe  
  60  4:45  Probe  
  62  4:49  Adept x2  
  62  4:52  Probe, Twilight Council  
  66  4:53  Forge  
  66  4:57  Probe  
  68  5:04  Probe  
  69  5:13  Probe, Adept x2  
  71  5:14  Probe  
  71  5:15  Probe  
  71  5:17  Robotics Facility  
  71  5:18  Protoss Ground Weapons Level 1 (Chrono Boost)  
  73  5:22  Charge  
  73  5:24  Probe  
  73  5:26  Probe  
  73  5:27  Probe  
  76  5:34  Probe  
  76  5:41  Probe x2  
  79  5:43  Gateway  
  79  5:45  Gateway  
  79  5:48  Gateway  
  79  5:50  Gateway  
  79  5:52  Gateway  
  79  5:55  Gateway  
  79  5:57  Probe  
  79  5:58  Probe  
  79  6:01  Templar Archives  
  79  6:03  Probe, Pylon  
  81  6:09  Warp Prism (Chrono Boost)  
  84  6:13  Probe  
  84  6:15  Probe x2  
  84  6:17  Assimilator x2  
  87  6:25  Probe  
  87  6:27  Zealot  
  87  6:28  Zealot  
  87  6:29  Probe  
  87  6:30  Pylon  
  93  6:33  Pylon  
  82  6:51  Photon Cannon  
  82  6:53  Pylon  
  82  6:54  Pylon  
  82  6:56  Photon Cannon  
  82  7:00  Zealot x8  
  98  7:10  Probe  
  98  7:12  Probe  
  98  7:13  Probe  
  88  7:22  Probe x2  
  77  7:25  Probe  
  77  7:29  High Templar x6  
  84  7:30  High Templar x2  
  84  7:33  Probe, Archon x2  
  84  7:34  Probe, Archon x2  
  90  7:38  Probe  
  90  7:43  Probe  
  91  7:46  Probe  
  91  7:50  Probe  
  94  7:53  Photon Cannon  
  94  7:54  Probe  
  95  8:02  Zealot x8  
  95  8:05  Pylon  
  111  8:06  Pylon  
  111  8:10  Protoss Ground Weapons Level 2  
  111  8:17  Probe  
  92  8:23  Probe  
  92  8:24  Probe  
  92  8:26  High Templar x5  
  104  8:27  High Templar  
  104  8:29  Probe  
  107  8:34  Archon x3  
  107  8:40  Pylon  
  107  8:42  Zealot x2, Pylon  
  110  9:04  Photon Cannon  
  108  9:10  High Templar x2  
  108  9:11  High Templar x2, Zealot x4  
  124  9:20  Archon x2  
  122  9:25  Nexus  
  122  9:28  Pylon  
  122  9:30  Pylon  
  122  9:31  Zealot  
  122  9:32  Zealot x3  
  127  9:48  Zealot x4  
  135  9:55  Probe  
  135  9:56  Probe  
  135  9:57  Probe  
  135  9:59  Zealot x4  
  128  10:02  Immortal (Chrono Boost)  
  132  10:09  Photon Cannon  
  132  10:10  High Templar x4, Photon Cannon  
  138  10:15  Archon x2  
  138  10:22  High Templar  
  138  10:23  High Templar, Zealot x2  
  138  10:26  Photon Cannon  
  146  10:29  Photon Cannon  
  150  10:36  Immortal (Chrono Boost)  
  150  10:37  Archon  
  141  10:46  Zealot x6  
  143  10:56  Probe  
  120  11:03  Zealot x2  
Tags
 
Add a new tag
Caveats
  • Supply blocks, unpowered buildings, or Contaminate may cause inaccurate times.
  • Supply counts are checked every 10 seconds.